Map: Dusk Towers

Players

yukimurahhh

  • Race: Protoss Protoss

Namshar - Winner!

  • Race: Zerg Zerg

Event: Gauntlet LotV Series 1 Qualifier 1

VOD

Have the link to the VOD?

Description

Time

  • Played on: Nov. 22, 2015, 4:32 p.m.
  • Length: 9:36

All games in this series

Show
View Real Time Build Order
Export as new Build Order

yukimurahhh Protoss 

Build Orders: Nexus First 

Get SALT Encoding   

  12  0:01  Probe (Chrono Boost)  
  14  0:18  Pylon  
  14  0:26  Probe (Chrono Boost)  
  14  0:37  Probe (Chrono Boost)  
  15  0:47  Probe (Chrono Boost)  
  16  0:59  Nexus  
  16  1:10  Gateway  
  16  1:12  Probe (Chrono Boost)  
  17  1:20  Assimilator  
  17  1:22  Probe (Chrono Boost)  
  18  1:27  Assimilator  
  18  1:33  Probe (Chrono Boost)  
  19  1:41  Pylon  
  19  1:43  Probe (Chrono Boost)  
  21  1:54  Probe (Chrono Boost)  
  21  2:03  Cybernetics Core  
  21  2:05  Probe (Chrono Boost)  
  22  2:14  Probe (Chrono Boost)  
  22  2:15  Probe (Chrono Boost)  
  24  2:24  Probe (Chrono Boost)  
  24  2:26  Probe (Chrono Boost)  
  26  2:34  Probe (Chrono Boost)  
  28  2:41  Warp Gate  
  28  2:44  Probe  
  30  2:45  Mothership Core  
  32  2:54  Probe  
  33  3:00  Stalker (Chrono Boost)  
  33  3:05  Probe  
  33  3:06  Probe  
  35  3:15  Probe  
  35  3:18  Probe  
  37  3:23  Pylon  
  37  3:26  Probe, Stargate  
  37  3:30  Probe  
  39  3:36  Probe, Adept (Chrono Boost)  
  42  3:42  Probe  
  42  3:47  Probe  
  43  3:54  Probe (Chrono Boost)  
  45  3:58  Nexus  
  45  3:59  Probe (Chrono Boost)  
  45  4:00  Pylon  
  46  4:05  Assimilator  
  46  4:06  Probe (Chrono Boost)  
  46  4:09  Probe (Chrono Boost), Pylon, Assimilator  
  48  4:16  Probe (Chrono Boost)  
  48  4:17  Oracle (Chrono Boost)  
  48  4:18  Probe  
  48  4:21  Pylon  
  52  4:28  Probe  
  52  4:29  Probe  
  52  4:30  Forge  
  54  4:40  Probe x2  
  54  4:45  Assimilator  
  56  4:49  Oracle (Chrono Boost)  
  56  4:50  Probe, Assimilator  
  56  4:52  Probe  
  61  4:54  Fleet Beacon  
  61  4:57  Stargate  
  61  5:04  Probe, Photon Cannon  
  61  5:05  Probe  
  61  5:06  Pylon  
  63  5:10  Probe  
  64  5:15  Probe  
  64  5:16  Stargate  
  64  5:17  Probe  
  66  5:27  Probe  
  66  5:30  Probe  
  68  5:41  Probe x2, Carrier (Chrono Boost)  
  68  5:42  Probe  
  76  5:48  Carrier (Chrono Boost)  
  83  5:51  Probe x2  
  82  6:05  Carrier (Chrono Boost)  
  82  6:07  Probe  
  82  6:08  Zealot  
  91  6:14  Gateway  
  91  6:18  Gateway  
  91  6:19  Probe  
  91  6:20  Gateway  
  92  6:29  Probe x2  
  92  6:31  Probe, Pylon x2  
  92  6:32  Pylon  
  95  6:34  Adept  
  95  6:36  Graviton Catapult  
  95  6:38  Protoss Air Weapons Level 1  
  97  6:40  Pylon  
  97  6:55  Gateway  
  97  6:57  Gateway  
  97  6:59  Carrier (Chrono Boost)  
  97  7:00  Gateway  
  103  7:20  Nexus  
  103  7:22  Pylon  
  115  7:23  Carrier (Chrono Boost)  
  115  7:32  Carrier (Chrono Boost)  
  110  8:10  Adept x4  
  110  8:11  Adept  
  120  8:14  Carrier (Chrono Boost)  
  125  8:30  Pylon  
  125  8:34  Pylon  
  125  8:36  Pylon  
  125  8:38  Pylon  
  123  8:42  Adept  
  125  8:55  Adept x4  
  138  8:56  Adept  
  138  9:03  Adept  
  124  9:16  Adept x4  
Show
View Real Time Build Order
Export as new Build Order

Namshar Zerg - Winner!

Build Orders: Hatch First 

Get SALT Encoding   

  12  0:01  Drone  
  13  0:12  Overlord  
  13  0:17  Drone  
  14  0:30  Drone  
  14  0:31  Drone  
  16  0:36  Drone  
  17  0:45  Drone  
  18  0:55  Hatchery  
  17  1:08  Spawning Pool  
  17  1:11  Drone  
  17  1:14  Drone  
  18  1:29  Extractor  
  17  1:35  Hatchery  
  17  1:38  Drone  
  17  1:42  Drone  
  17  1:45  Drone  
  19  1:49  Drone  
  20  1:57  Queen  
  22  2:07  Queen  
  24  2:10  Drone  
  25  2:16  Overlord  
  25  2:21  Drone  
  26  2:23  Drone  
  26  2:25  Drone  
  28  2:34  Metabolic Boost  
  28  2:40  Queen  
  28  2:42  Drone  
  31  2:47  Drone x2  
  31  2:49  Drone  
  34  2:53  Drone x2  
  34  2:58  Overlord  
  36  3:01  Drone  
  36  3:02  Drone  
  38  3:07  Drone x2  
  38  3:09  Drone x2  
  38  3:12  Overlord  
  42  3:18  Drone  
  42  3:19  Drone x2  
  46  3:20  Drone  
  46  3:28  Overlord  
  46  3:29  Zergling x4  
  46  3:30  Zergling x2  
  49  3:34  Overlord  
  49  3:35  Extractor  
  49  3:40  Overlord x2  
  48  3:51  Drone  
  48  3:52  Drone  
  48  3:54  Lair  
  50  3:57  Drone x7  
  50  3:58  Drone  
  58  4:03  Drone x3  
  58  4:05  Drone x2  
  58  4:08  Evolution Chamber  
  61  4:18  Extractor  
  61  4:21  Roach Warren  
  59  4:24  Drone x3  
  59  4:27  Extractor  
  59  4:31  Drone x3  
  63  4:32  Drone x4  
  68  4:40  Zerg Missile Weapons Level 1, Drone  
  68  4:41  Extractor  
  68  4:42  Drone  
  68  4:45  Extractor  
  68  4:46  Hatchery  
  68  4:47  Overlord  
  68  4:48  Drone  
  68  4:52  Hydralisk Den  
  67  4:57  Drone  
  67  4:59  Drone x3  
  71  5:00  Hatchery, Drone  
  71  5:01  Drone  
  71  5:02  Drone  
  73  5:09  Queen  
  73  5:11  Overlord, Glial Reconstitution  
  73  5:14  Overlord  
  74  5:25  Lurker Den  
  74  5:26  Hydralisk x3  
  80  5:28  Drone  
  80  5:29  Spore Crawler  
  80  5:31  Drone  
  80  5:32  Spore Crawler x2  
  80  5:33  Drone  
  79  5:40  Hydralisk x4  
  87  5:45  Hydralisk x2  
  89  5:59  Hydralisk x3  
  93  6:04  Drone  
  93  6:05  Drone x11  
  93  6:06  Drone  
  93  6:08  Overlord  
  106  6:13  Drone  
  106  6:14  Drone, Overlord x2  
  108  6:29  Drone  
  108  6:38  Extractor  
  108  6:39  Extractor  
  106  6:40  Drone x3  
  106  6:41  Drone x3  
  106  6:43  Zerg Missile Weapons Level 2  
  106  6:45  Hydralisk x6  
  124  6:52  Hatchery, Lurker, Muscular Augments  
  124  6:53  Lurker x2  
  126  6:55  Hydralisk  
  126  6:57  Hydralisk  
  126  6:59  Spore Crawler  
  129  7:03  Overlord x2  
  129  7:04  Roach x4  
  129  7:06  Roach x2  
  142  7:08  Zergling x2  
  142  7:14  Overlord x3  
  142  7:15  Overlord x2  
  142  7:25  Drone  
  142  7:26  Infestation Pit  
  142  7:28  Drone  
  142  7:29  Drone  
  144  7:31  Zergling x16  
  144  7:32  Evolution Chamber, Zergling x4  
  144  7:35  Evolution Chamber  
  152  7:48  Roach x11  
  173  7:56  Roach, Zergling x16  
  176  8:03  Hydralisk x4  
  164  8:13  Hive  
  164  8:16  Hydralisk x5  
  174  8:23  Hydralisk x2  
  174  8:24  Hydralisk x2  
  181  8:27  Roach  
  173  8:43  Hydralisk x6  
  172  8:49  Hydralisk  
  172  8:50  Hydralisk x3  
  178  8:57  Hydralisk x3  
  178  8:58  Hydralisk  
  178  9:00  Roach x2  
  184  9:04  Roach x2, Zergling x4  
  184  9:05  Zergling x2  
  184  9:08  Zergling x8  
  189  9:11  Zergling x2  
  189  9:12  Zergling x6  
Tags
 
Add a new tag
Caveats
  • Supply blocks, unpowered buildings, or Contaminate may cause inaccurate times.
  • Supply counts are checked every 10 seconds.